 Dungeon Crawl Stone Soup version 0.24.1 (webtiles) character file.

Game seed: 7007129562681177479, levelgen mode: deterministic

2393 Curus the Cruncher (level 9, -16/48 HPs)
             Began as a Gargoyle Gladiator on Apr 6, 2020.
             Was an Elder of Okawaru.
             Splashed by an orc warrior's acid (19 damage)
             ... on level 7 of the Dungeon on Apr 7, 2020.
             The game lasted 00:33:18 (5343 turns).

Curus the Cruncher (Gargoyle Gladiator)             Turns: 5343, Time: 00:33:19

Health: -16/48     AC: 18    Str: 18    XL:     9   Next: 46%
Magic:  0/9        EV: 10    Int:  9    God:    Okawaru [****..]
Gold:   191        SH:  0    Dex: 14    Spells: 8/8 levels left

rFire    . . .     SeeInvis .   i - +5 quarterstaff (chaos)
rCold    . . .     Gourm    .   (shield currently unavailable)
rNeg     + + .     Faith    .   m - +0 scale mail
rPois    ∞         Spirit   +   c - +0 helmet
rElec    +         Reflect  .   k - +1 cloak
rCorr    .         Harm     .   s - +2 pair of gloves
MR       .....                  e - +0 pair of boots
Stlth    ..........             v - amulet of guardian spirit
HPRegen  0.16/turn              h - ring of positive energy
MPRegen  0.11/turn              o - +3 ring of protection

@: about to teleport, corroded
A: negative energy resistance 1, electricity resistance, unbreathing,
petrification resistance, rot immunity, AC +6
a: Heroism, Renounce Religion


You were on level 7 of the Dungeon.
You worshipped Okawaru.
Okawaru was greatly pleased with you.
You were not hungry.

You visited 1 branch of the dungeon, and saw 7 of its levels.

You collected 405 gold pieces.
You spent 214 gold pieces at shops.

Inventory:

Hand Weapons
 a - a +0 quarterstaff
 i - a +5 quarterstaff of chaos (weapon)
Missiles
 d - 2 throwing nets (quivered)
Armour
 b - a +0 leather armour
 c - a +0 helmet (worn)
 e - a +0 pair of boots (worn)
 j - a +0 ring mail
 k - a +1 cloak (worn)
 m - a +0 scale mail (worn)
 s - a +2 pair of gloves (worn)
Jewellery
 h - a ring of positive energy (left hand)
 o - a +3 ring of protection (right hand)
 u - an uncursed ring of stealth
 v - an amulet of guardian spirit (around neck)
Wands
 n - a wand of flame (39)
 x - a wand of enslavement (12)
Scrolls
 g - 7 scrolls of identify
 p - 2 scrolls of teleportation
 q - a scroll of remove curse
 r - 2 scrolls of magic mapping
 w - 3 scrolls of fear
Potions
 l - 4 potions of curing
Comestibles
 f - 9 rations
 t - 3 chunks of flesh


   Skills:
 - Level 2.1 Fighting
 + Level 12.4 Staves
 - Level 1.7 Throwing
 - Level 2.4 Dodging


You had 8 spell levels left.
You didn't know any spells.
Your spell library was empty.

Dungeon Overview and Level Annotations

Branches:
Dungeon (7/15)             Temple (0/1) D:4

Altars:
Elyvilon
Fedhas
Kikubaaqudgha
Okawaru
Qazlal
Uskayaw
The Shining One

Shops:
D:5 *   D:6 [[


Innate Abilities, Weirdness & Mutations

You are resistant to torment.
Your stone body is resilient. (AC +6)
You are immune to poison.
You resist negative energy. (rN+)
You are resistant to electric shocks. (rElec)
You can survive without breathing.
You are immune to petrification.
You are immune to rotting.


Message History

The bolt of acid hits you!!
Ouch! That really hurt!
You are splashed with acid!
* * * LOW HITPOINT WARNING * * *
Throwing (i - inventory)
d - 3 throwing nets (quivered)
Press: ? - help, Shift-Dir - straight line, f - orc warrior
Aim: an orc warrior, wielding a +0 long sword of flaming, wearing a +0 plate armour and carrying a wand of acid (7)
You throw a throwing net. The throwing net hits the orc warrior.
The orc warrior is caught in the net!
The orc hits you from afar with a +0 trident.
* * * LOW HITPOINT WARNING * * *
The orc drinks a potion.
The orc seems to speed up.
The orc warrior struggles against the net.
As you read the scroll of teleportation, it crumbles to dust.
You feel strangely unstable. The orc hits you but does no damage.
You hit the orc warrior but do no damage.
The orc warrior zaps a wand.
The bolt of acid hits you.
* * * LOW HITPOINT WARNING * * *
The acid corrodes you!
You are splashed with acid!!
You die...

##.......#...#..###.#
.........#####..# #
##...#.### #..# .#
.##.##.# #..###.#
#.#.##.# #..#≈≈. .#..
#. #..#≈# ..###
#...≈# ##)#≈#+#≈.#
#.@≈§.§≈.. .#
###oo..>.. .. .o.....
## o...... # ......#
###...# ...# .##


You could see an orc warrior (caught) and 3 orcs.

Vanquished Creatures
  A hungry ghost (D:7)
  A phantom (D:6)
  6 ogres
  An eye of draining (D:7)
  A centaur (D:5)
  A big kobold (D:7)
  2 bullfrogs
  6 killer bees (D:7)
  3 howler monkeys
  A crimson imp (D:5)
  6 hounds
  3 orc priests
  4 orc wizards
  Crazy Yiuf (D:2)
  Jessica (D:2)
  Natasha (thrice) (D:4)
  5 worker ants
  8 gnolls
  8 adders
  A shadow imp (D:6)
  An ooze (D:3)
  2 worms (D:2)
  A dart slug (D:1)
  8 leopard geckos
  20 orcs
  6 bats
  8 giant cockroaches
  11 hobgoblins
  10 jackals
  9 kobolds
  A ball python skeleton (D:4)
  3 frilled lizards
  6 goblins
  2 jackal skeletons
  A leopard gecko zombie (D:5)
  A quokka skeleton (D:4)
  5 rats
  A fungus (D:2)
159 creatures vanquished.

Notes
Turn   | Place    | Note
-------+----------+-------------------------------------------
     0 | D:1      | Curus the Gargoyle Gladiator began the quest for the Orb.
     0 | D:1      | Reached XP level 1. HP: 12/12 MP: 1/1
    77 | D:1      | Reached XP level 2. HP: 14/17 MP: 2/2
   273 | D:1      | Reached skill level 4 in Staves
   388 | D:1      | Reached XP level 3. HP: 21/21 MP: 3/3
  1059 | D:2      | Noticed Jessica
  1075 | D:2      | Killed Jessica
  1075 | D:2      | Reached XP level 4. HP: 16/26 MP: 4/4
  1082 | D:2      | Reached skill level 5 in Staves
  1667 | D:2      | Reached XP level 5. HP: 23/30 MP: 5/5
  1697 | D:2      | Found an iron altar of Okawaru.
  1702 | D:2      | Became a worshipper of Warmaster Okawaru
  1967 | D:2      | Found a runed translucent door.
  1968 | D:2      | Noticed Crazy Yiuf
  1977 | D:2      | Killed Crazy Yiuf
  2105 | D:3      | Reached skill level 6 in Staves
  2385 | D:3      | Reached XP level 6. HP: 35/35 MP: 6/6
  2849 | D:4      | Reached * piety under Okawaru
  2849 | D:4      | Reached skill level 7 in Staves
  2923 | D:4      | Noticed Natasha
  2927 | D:4      | Killed Natasha
  2974 | D:4      | Reached XP level 7. HP: 28/40 MP: 7/7
  2994 | D:4      | Found a staircase to the Ecumenical Temple.
  3032 | D:4      | Reached skill level 8 in Staves
  3189 | D:4      | Reached ** piety under Okawaru
  3189 | D:4      | Reached skill level 9 in Staves
  3298 | D:4      | Noticed Natasha
  3307 | D:4      | Killed Natasha
  3495 | D:4      | Noticed Natasha
  3501 | D:4      | Killed Natasha
  3510 | D:5      | Entered Level 5 of the Dungeon
  3520 | D:5      | Reached XP level 8. HP: 29/44 MP: 8/8
  3728 | D:5      | Found an ancient bone altar of Kikubaaqudgha.
  3830 | D:5      | Reached skill level 10 in Staves
  3875 | D:5      | Found Sitti's General Store.
  3912 | D:5      | Bought a +2 pair of gloves for 214 gold pieces
  4089 | D:6      | Found a white marble altar of Elyvilon.
  4581 | D:6      | Found Acrybas's Antique Armour Shop.
  4870 | D:6      | Found a hide-covered altar of Uskayaw.
  4878 | D:6      | Found a glowing golden altar of the Shining One.
  4880 | D:6      | Found a stormy altar of Qazlal.
  4883 | D:6      | Found a blossoming altar of Fedhas.
  4914 | D:6      | Found Uraisk's Antique Armour Boutique.
  5014 | D:6      | Reached skill level 11 in Staves
  5098 | D:7      | Reached *** piety under Okawaru
  5118 | D:7      | Reached XP level 9. HP: 47/48 MP: 7/9
  5223 | D:7      | Reached skill level 12 in Staves
  5339 | D:7      | Reached **** piety under Okawaru
  5343 | D:7      | Splashed by an orc warrior's acid

Levels and vault maps discovered:
D:1:      minmay_arrival_plants_in_alcoves, layout_basic, minmay_vboxes
D:2:      layout_basic, lemuel_doored_altar, uniq_jessica,
          uniq_crazy_yiuf_cottage
D:3:      layout_loops_corners
D:4:      layout_gridville, minmay_temple_entry_statues_fountains, first_ration,
          uniq_natasha
D:5:      layout_rooms, kennysheep_mini, serial_shops, shop_fountains
D:6:      layout_layer_cave, elyvilon_altar_5, minitemple, serial_shops, shop,
          nicolae_shop_waterfront
D:7:      layout_loops_ring, kennysheep_mini_moat, chequers_mini_garden,
          grunt_ogre_cave

Skill      XL: |  1  2  3  4  5  6  7  8  9 |
---------------+----------------------------+-----
Staves         | 4 5 6 7 9 11 12 | 12.4
Fighting       | |  2.1
Throwing       | |  1.7
Dodging        | |  2.4

Action                   |  1- 3 |  4- 6 |  7- 9 || total
-------------------------+-------+-------+-------++-------
Melee: Quarterstaff      |   114 |   141 |   256 ||   511
Throw: Throwing net      |       |       |     1 ||     1
Evoke: Wand              |       |     1 |     1 ||     2
  Use: Scroll            |     3 |     3 |     5 ||    11
       Potion            |       |     6 |     4 ||    10
 Stab: Confused          |       |     2 |       ||     2
  Eat: Chunk             |     1 |     6 |     7 ||    14
       Ration            |       |       |     2 ||     2
Armor: Leather armour    |    68 |    14 |       ||    82
       Ring mail         |       |    21 |       ||    21
       Scale mail        |       |     4 |   160 ||   164
Dodge: Dodged            |   102 |    58 |   139 ||   299
